cohdb
Replays
Latest Replays
All Replays
Popular Replays
Top Player Replays
Match Explorer
How It Works
Community
CoH3 Stats
Reddit
Sign in to upload your games and track your stats! →
Sign in with Steam
Match 45237579
Unlisted
Match 45237579
Overview
Messages
Build Orders
End
Royal Engineer Section
Construct Section Command Post
Infantry Section
Infantry Section
Infantry Section
Construct Platoon Command Post
Construct Field Infirmary
ML 3-inch Mortar Team
Construct Platoon Command Post
Humber Armored Car
Vickers Machine Gun Team
6-pounder Anti-tank Gun Team
Grenade Package
6-pounder Anti-tank Gun Team
Infantry Section
Vickers Machine Gun Team
FeriG
Stana
0
0
Comments
sign in to comment!
No comments posted yet!